 Dungeon Crawl Stone Soup version 0.29-a0-284-gf9362112df (webtiles) character file.

Game seed: 16118370885144401021

98 gzilladon the Chopper (level 4, -2/41 HPs)
             Began as a Minotaur Berserker on Mar 25, 2022.
             Was a Believer of Trog.
             Killed by nerve-wracking pain
             ... invoked by Grinder
              (7 damage)
             ... on level 3 of the Dungeon.
             The game lasted 00:10:18 (2884 turns).

gzilladon the Chopper (Minotaur Berserker)          Turns: 2884, Time: 00:10:18

Health: -2/41      AC: 13    Str: 23    XL:     4   Next: 43%
Magic:  3/3        EV:  7    Int:  4    God:    Trog [**....]
Gold:   122        SH:  0    Dex: 10    Spells: 3/3 levels left

rFire   + . .      SeeInvis .   a - +0 hand axe
rCold   . . .      Faith    .   (no shield)
rNeg    . . .      Spirit   .   q - +1 plate armour of Fistyxe {rF+}
rPois   .          Reflect  .   (helmet restricted)
rElec   .          Harm     .   (no cloak)
rCorr   .          Rampage  .   (no gloves)
Will    .....                   x - +0 pair of boots
Stlth   ..........              y - amulet of the acrobat
HPRegen 0.13/turn               k - ring of flight
MPRegen 0.08/turn               (no ring)

@: flying
A: horns 2, retaliatory headbutt
a: Renounce Religion, Berserk, Trog's Hand


You were on level 3 of the Dungeon.
You worshipped Trog.
Trog was pleased with you.
You visited 1 branch of the dungeon, and saw 3 of its levels.

You collected 122 gold pieces.

Inventory:

Hand Weapons
 a - a +0 hand axe (weapon)
 j - a +0 dagger
Missiles
 f - 55 stones (quivered)
Armour
 b - a +0 animal skin
 i - a +0 leather armour
 o - a +0 scale mail
 q - the +1 plate armour of Fistyxe (worn) {rF+}
   (You found it on level 2 of the Dungeon)

   rF:        It protects you from fire.
 x - a +0 pair of boots (worn)
Jewellery
 g - a ring of magical power
 k - a ring of flight (left hand)
 y - an amulet of the acrobat (around neck)
Scrolls
 d - 3 scrolls of immolation {unknown}
 h - 4 scrolls of teleportation {unknown}
 l - a scroll of amnesia {unknown}
 m - 3 scrolls of noise {unknown}
 n - a scroll of enchant armour {unknown}
 p - 2 scrolls of vulnerability {unknown}
 r - a scroll of summoning {unknown}
 s - a scroll of blinking {unknown}
 u - 2 scrolls of enchant weapon {unknown}
 v - a scroll of fear {unknown}
Potions
 c - a potion of flight
 t - a potion of mutation {unknown}
 w - a potion of resistance {unknown}
 z - a potion of berserk rage {unknown}


   Skills:
 + Level 4.5 Fighting
 + Level 5.0 Axes
 + Level 2.7 Armour
 + Level 3.1 Dodging


You had 3 spell levels left.
You didn't know any spells.
Your spell library was empty.

Dungeon Overview and Level Annotations

Branches:
Dungeon (3/15)

Altars:
Ashenzari
Cheibriados
Gozag
Vehumet
Xom
Yredelemnul

Annotations:
D:3 Grinder


Innate Abilities, Weirdness & Mutations

You have a pair of horns on your head.
You reflexively headbutt those who attack you in melee.


Message History

Pain shoots through your body!
* * * LOW HITPOINT WARNING * * *
You can move again.
You see here an adder corpse.
Grinder gestures at you.
You shrug off the repeated paralysis!
Things that are here:
a +0 hand axe; a +0 scale mail Grinder gestures at you.
Pain shoots through your body!
* * * LOW HITPOINT WARNING * * *
Grinder says, "You look like you could use a good racking."
Grinder blinks!
Grinder misses you.
You hit Grinder but do no damage. Your headbutt misses Grinder.
Grinder is heavily wounded.
Grinder blinks!
Things that are here:
a +0 hand axe; a +0 scale mail It was a potion of flight.
You feel more buoyant.
It was a potion of heal wounds.
You feel much better.
Grinder blinks!
Things that are here:
a +0 hand axe; a +0 scale mail You see here an adder corpse.
You hit Grinder but do no damage.
Grinder is heavily wounded.
Grinder gestures at you. Pain shoots through your body!
You barely miss Grinder.
Grinder is heavily wounded.
Grinder hits you.
* * * LOW HITPOINT WARNING * * *
You writhe in agony.
* * * LOW HITPOINT WARNING * * *
You hit Grinder. You headbutt Grinder!
Grinder is almost dead.
Grinder gestures at you. Pain shoots through your body!
You die...

...##.### ### ........#
#. ..#... # ....###.##
#. ....... # ....# ...
#. .#.._.. ....###.#.#
#. ....... ........#.#
#.#.)#... ....#.###<#
......#!.
...##.###.######..#.....
..............)†@5..#
##.......######.##......
#.......######.# #####
#.........)....#
#.......########
#.......# #.......#
#########


You could see Grinder.

Vanquished Creatures
  4 adders
  2 worms (D:3)
  An orc (D:3)
  5 ball pythons
  3 endoplasms
  2 giant cockroaches (D:1)
  7 goblins
  3 hobgoblins
  6 jackals
  7 kobolds
  A quokka (D:2)
  3 bats (D:1)
  A frilled lizard (D:2)
  5 rats
50 creatures vanquished.

Notes
Turn   | Place    | Note
-------+----------+-------------------------------------------
     0 | D:1      | gzilladon the Minotaur Berserker began the quest for the
                  | Orb.
     0 | D:1      | Reached XP level 1. HP: 19/19 MP: 0/0
    85 | D:1      | Reached XP level 2. HP: 16/27 MP: 1/1
   517 | D:1      | Reached skill level 4 in Axes
  1055 | D:1      | Reached XP level 3. HP: 34/34 MP: 2/2
  1873 | D:2      | Identified the +1 plate armour of Fistyxe {rF+}
  1939 | D:2      | Reached XP level 4. HP: 41/41 MP: 3/3
  2474 | D:3      | Identified the +0 ring mail "Eler" {Rampage rElec MP-9
                  | Stlth+}
  2475 | D:3      | Found a snail-covered altar of Cheibriados.
  2481 | D:3      | Found a basalt altar of Yredelemnul.
  2482 | D:3      | Found a shimmering altar of Xom.
  2483 | D:3      | Found a broken altar of Ashenzari.
  2777 | D:3      | Found an opulent altar of Gozag.
  2834 | D:3      | Noticed Grinder
  2835 | D:3      | Found a radiant altar of Vehumet.
  2837 | D:3      | Reached ** piety under Trog
  2840 | D:3      | Reached skill level 5 in Axes
  2840 | D:3      | Paralysed by Grinder for 7 turns
  2862 | D:3      | Paralysed by Grinder for 4 turns
  2884 | D:3      | Killed from afar by Grinder

Illustrated notes

Levels and vault maps discovered:
D:1:      wheals_arrival_shading, layout_rooms, minivault_24,
          hangedman_abyss_or_decor_stabs, minmay_tromino_v4_a
D:2:      layout_basic, st_stairs_13, chequers_jeans
D:3:      layout_loops_ring, nicolae_vehumet_radiance,
          mainiacjoe_overflow_alcove_3, grunt_gozag_breadcrumbs, uniq_grinder

Skill      XL: |  1  2  3  4 |
---------------+-------------+-----
Fighting       | 4 |  4.5
Axes           | 4 5 |  5.0
Dodging        | 3 |  3.1
Armour         | |  2.7

Action                   |  1- 3 |  4- 6 || total
-------------------------+-------+-------++-------
Melee: Hand axe          |    69 |    44 ||   113
       Headbutt          |     8 |     9 ||    17
       Punch             |     1 |       ||     1
  Use: Potion            |       |     2 ||     2
Armor: Animal skin       |    16 |       ||    16
       Leather armour    |     8 |       ||     8
       Plate armour      |     4 |    18 ||    22
       Scale mail        |     2 |       ||     2
Dodge: Dodged            |    70 |     8 ||    78

Table legend: (Time is in decaauts)
 A = Elapsed time spent in this place.
 B = Non-inter-level travel time spent in this place.
 C = Inter-level travel time spent in this place.
 D = Time resting spent in this place.
 E = Time spent auto-exploring this place.
 F = Levels seen in this place.
 G = Mean time per level.
                   A        B        C        D        E       F      G
               +--------+--------+--------+--------+--------+-----+--------+
         Total |   2891 |   2819 |     72 |    669 |      0 |   3 |  963.7 |
       Dungeon |   2891 |   2819 |     72 |    669 |      0 |   3 |  963.7 |
               +--------+--------+--------+--------+--------+-----+--------+

Top non-repeatable levels by time:
     D:1: 1273 daAuts
     D:2: 1097 daAuts
     D:3: 520 daAuts
